[ AOE2 MATCH · #466577166 ]
1v1 RMGurjaras vs Spanish
Player's team · WIN
Rival team · LOSS
[ REPLAY ANALYSIS · EXTRACTED FROM THE RECORDED GAME ]
Feudal
10:25
Castle
25:39
Imperial
—
| APM avg | 20.0 |
| APM peak | 38 |
| eAPM avg | 12.9 |
| Villagers / military | 71 / 64 |
Focus
⚔️ 24.8% · 🌾 75.2%
Scout Cavalry ×21 · Camel Scout ×20 · Shrivamsha Rider ×13 · Militia ×8 · Monk ×2
Feudal
9:42
Castle
21:39
Imperial
—
| APM avg | 33.6 |
| APM peak | 50 |
| eAPM avg | 18.0 |
| Villagers / military | 78 / 30 |
Focus
⚔️ 34.9% · 🌾 65.1%
Cavalry Archer ×26 · Militia ×2 · Skirmisher ×2
Match map
Initial resources + every placement click. Lines = walls · curves = elevation contours. ◆ gold · ⬟ stone · ● berries · ✦ relic · ◌ wall gap
Inputs per minute
— edu_torres - - SheepofLegend
Build order — edu_torres
First 150 of 209 actions detected
| 0:02 | Create | Villager (Male) |
| 0:02 | Create | Villager (Male) |
| 0:03 | Build | House |
| 0:06 | Build | House |
| 0:07 | Create | Villager (Male) |
| 0:08 | Create | Villager (Male) |
| 0:08 | Create | Villager (Male) |
| 0:32 | Build | Mill |
| 1:43 | Create | Villager (Male) |
| 2:10 | Create | Villager (Male) |
| 2:37 | Create | Villager (Male) |
| 2:53 | Build | Lumber Camp |
| 3:04 | Create | Villager (Male) |
| 3:29 | Create | Villager (Male) |
| 3:54 | Create | Villager (Male) |
| 4:08 | Create | Villager (Male) |
| 4:21 | Create | Villager (Male) |
| 4:40 | Create | Villager (Male) |
| 4:49 | Build | House |
| 4:53 | Research | Loom |
| 4:57 | Create | Villager (Male) |
| 5:01 | Build | House |
| 5:07 | Create | Villager (Male) |
| 5:38 | Build | Mill |
| 5:45 | Create | Villager (Male) |
| 6:05 | Create | Villager (Male) |
| 6:30 | Create | Villager (Male) |
| 6:43 | Create | Villager (Male) |
| 7:26 | Create | Villager (Male) |
| 7:48 | Build | House |
| 7:54 | Create | Villager (Male) |
| 8:07 | Research | Feudal Age |
| 8:14 | Build | Barracks |
| 8:19 | Build | Farm |
| 8:36 | Create | Villager (Male) |
| 9:00 | Create | Villager (Male) |
| 9:13 | Build | Mining Camp |
| 9:19 | Create | Villager (Male) |
| 9:22 | Build | Farm |
| 9:27 | Create | Villager (Male) |
| 9:37 | Create | Villager (Male) |
| 9:54 | Build | Farm |
| 9:57 | Build | Farm |
| 10:00 | Build | Farm |
| 10:10 | Create | Militia ×2 |
| 10:25 | Age | Feudal Age |
| 10:30 | Research | Double-Bit Axe |
| 10:50 | Create | Militia |
| 10:53 | Create | Militia |
| 11:01 | Build | Farm |
| 11:14 | Create | Militia |
| 11:26 | Research | Man-at-Arms (upgrade) |
| 11:31 | Create | Militia |
| 11:40 | Create | Villager (Male) |
| 11:44 | Build | Farm |
| 11:46 | Build | Farm |
| 11:49 | Build | Farm |
| 11:54 | Build | Farm |
| 11:56 | Research | Horse Collar |
| 12:18 | Create | Militia |
| 12:19 | Create | Militia |
| 12:52 | Build | Lumber Camp |
| 12:55 | Create | Villager (Male) |
| 12:55 | Create | Villager (Male) |
| 13:12 | Create | Villager (Male) |
| 13:43 | Build | House |
| 13:49 | Build | Building 800 |
| 14:14 | Create | Villager (Male) |
| 14:15 | Create | Villager (Male) |
| 14:15 | Create | Villager (Male) |
| 14:29 | Create | Villager (Male) |
| 14:41 | Create | Villager (Male) |
| 14:50 | Create | Villager (Male) |
| 14:59 | Build | Market |
| 15:03 | Build | Blacksmith |
| 15:07 | Create | Villager (Male) |
| 15:29 | Create | Villager (Male) |
| 15:35 | Build | House |
| 15:37 | Build | House |
| 15:38 | Build | House |
| 15:57 | Build | Farm |
| 16:01 | Build | Farm |
| 16:05 | Build | Farm |
| 16:07 | Create | Villager (Male) |
| 16:16 | Build | Farm |
| 16:45 | Create | Villager (Male) |
| 16:51 | Build | Building 796 |
| 16:58 | Build | Stable |
| 17:00 | Create | Villager (Male) |
| 17:04 | Build | Farm |
| 17:06 | Build | Farm |
| 17:08 | Build | Farm |
| 17:18 | Create | Villager (Male) |
| 17:33 | Create | Villager (Male) |
| 17:59 | Build | House |
| 18:00 | Build | House |
| 18:00 | Build | House |
| 18:01 | Build | House |
| 18:02 | Build | House |
| 18:02 | Build | House |
| 18:03 | Build | House |
| 18:05 | Build | House |
| 18:05 | Build | House |
| 18:06 | Build | House |
| 18:06 | Build | House |
| 18:08 | Build | House |
| 18:15 | Create | Villager (Male) |
| 18:19 | Research | Bloodlines |
| 18:20 | Create | Scout Cavalry ×5 |
| 18:35 | Create | Villager (Male) |
| 18:43 | Build | Stable |
| 18:48 | Research | Scale Barding Armor |
| 19:16 | Create | Villager (Male) |
| 19:20 | Create | Scout Cavalry ×3 |
| 19:34 | Create | Villager (Male) |
| 19:48 | Build | House |
| 19:56 | Research | Wheelbarrow |
| 20:01 | Build | Farm |
| 20:02 | Build | Farm |
| 20:02 | Build | Farm |
| 20:03 | Build | Farm |
| 20:03 | Build | Farm |
| 20:28 | Research | Forging |
| 20:43 | Build | Farm |
| 20:48 | Build | Farm |
| 20:52 | Build | Farm |
| 20:53 | Build | Farm |
| 21:34 | Create | Villager (Male) |
| 21:35 | Create | Villager (Male) |
| 21:35 | Create | Villager (Male) |
| 22:15 | Create | Villager (Male) |
| 22:18 | Build | Farm |
| 22:19 | Build | Farm |
| 22:53 | Research | Castle Age |
| 23:46 | Build | Stable |
| 23:48 | Build | Stable |
| 24:01 | Build | Farm |
| 24:03 | Create | Villager (Male) |
| 24:03 | Create | Villager (Male) |
| 24:04 | Create | Villager (Male) |
| 24:04 | Create | Villager (Male) |
| 24:04 | Create | Villager (Male) |
| 24:30 | Build | Building 796 |
| 24:33 | Build | House |
| 24:34 | Build | House |
| 24:35 | Build | House |
| 24:37 | Build | House |
| 25:00 | Create | Camel Scout |
| 25:00 | Create | Camel Scout |
| 25:00 | Create | Camel Scout |
Build order — SheepofLegend
First 150 of 194 actions detected
| 0:01 | Create | Villager (Male) |
| 0:01 | Create | Villager (Male) |
| 0:02 | Build | House |
| 0:06 | Build | House |
| 0:15 | Create | Villager (Male) |
| 0:15 | Create | Villager (Male) |
| 1:14 | Create | Villager (Male) |
| 1:14 | Create | Villager (Male) |
| 1:51 | Create | Villager (Male) |
| 2:16 | Build | Lumber Camp |
| 2:25 | Create | Villager (Male) |
| 2:45 | Create | Villager (Male) |
| 2:50 | Build | House |
| 3:06 | Create | Villager (Male) |
| 3:41 | Create | Villager (Male) |
| 3:42 | Create | Villager (Male) |
| 4:25 | Create | Villager (Male) |
| 4:26 | Create | Villager (Male) |
| 4:30 | Build | Mill |
| 5:20 | Create | Villager (Male) |
| 5:51 | Create | Villager (Male) |
| 5:55 | Create | Villager (Male) |
| 5:56 | Research | Loom |
| 6:20 | Build | House |
| 7:07 | Create | Villager (Male) |
| 7:14 | Build | Barracks |
| 7:32 | Research | Feudal Age |
| 8:00 | Create | Militia |
| 8:01 | Create | Militia |
| 8:58 | Create | Villager (Male) |
| 9:05 | Build | House |
| 9:28 | Create | Villager (Male) |
| 9:40 | Build | Farm |
| 9:42 | Age | Feudal Age |
| 9:50 | Build | Archery Range |
| 10:01 | Build | Blacksmith |
| 10:08 | Research | Man-at-Arms (upgrade) |
| 10:26 | Create | Villager (Male) |
| 10:33 | Create | Villager (Male) |
| 10:36 | Build | Farm |
| 10:43 | Build | Farm |
| 10:44 | Create | Villager (Male) |
| 11:00 | Create | Villager (Male) |
| 11:06 | Build | House |
| 11:37 | Create | Villager (Male) |
| 11:47 | Create | Villager (Male) |
| 11:51 | Build | Farm |
| 12:14 | Create | Villager (Male) |
| 12:27 | Build | Mining Camp |
| 12:39 | Build | Lumber Camp |
| 12:40 | Create | Villager (Male) |
| 13:15 | Create | Villager (Male) |
| 13:31 | Build | Farm |
| 13:31 | Build | Farm |
| 13:33 | Research | Double-Bit Axe |
| 13:46 | Build | Farm |
| 13:52 | Build | House |
| 14:06 | Build | Mill |
| 14:50 | Build | House |
| 14:51 | Build | Palisade Wall |
| 14:57 | Create | Villager (Male) |
| 15:02 | Create | Skirmisher |
| 15:03 | Create | Skirmisher |
| 15:12 | Build | Building 800 |
| 15:15 | Build | Palisade Wall |
| 15:16 | Build | Palisade Wall |
| 15:19 | Create | Villager (Male) |
| 15:33 | Create | Villager (Male) |
| 15:40 | Build | House |
| 15:43 | Build | Palisade Wall |
| 15:48 | Create | Villager (Male) |
| 15:52 | Research | Horse Collar |
| 15:55 | Build | Farm |
| 15:59 | Build | Farm |
| 16:00 | Create | Villager (Male) |
| 16:04 | Build | Farm |
| 16:06 | Build | Farm |
| 16:10 | Build | Farm |
| 16:11 | Create | Villager (Male) |
| 16:23 | Build | Palisade Wall |
| 16:33 | Build | Palisade Wall |
| 16:43 | Create | Villager (Male) |
| 17:07 | Build | House |
| 17:11 | Build | House |
| 17:59 | Build | Market |
| 18:01 | Create | Villager (Male) |
| 18:17 | Build | Archery Range |
| 18:26 | Create | Villager (Male) |
| 18:37 | Build | Palisade Wall |
| 18:41 | Build | Palisade Wall |
| 18:44 | Build | House |
| 18:59 | Research | Castle Age |
| 19:15 | Create | Villager (Male) |
| 19:18 | Build | Farm |
| 19:27 | Build | Palisade Wall |
| 19:40 | Build | Farm |
| 19:54 | Build | Stable |
| 20:09 | Research | Fletching |
| 20:18 | Build | Farm |
| 21:13 | Create | Villager (Male) |
| 21:27 | Build | House |
| 21:32 | Build | House |
| 21:35 | Build | House |
| 21:39 | Age | Castle Age |
| 21:44 | Create | Cavalry Archer |
| 21:44 | Create | Cavalry Archer |
| 21:45 | Create | Cavalry Archer |
| 21:55 | Build | Palisade Wall |
| 21:59 | Build | House |
| 22:00 | Create | Cavalry Archer |
| 22:02 | Research | Bodkin Arrow |
| 22:17 | Research | Bow Saw |
| 22:27 | Build | Palisade Wall |
| 22:40 | Build | House |
| 22:43 | Build | House |
| 22:51 | Build | Palisade Wall |
| 22:54 | Build | House |
| 23:02 | Create | Cavalry Archer |
| 23:02 | Create | Cavalry Archer |
| 23:16 | Create | Cavalry Archer |
| 23:18 | Create | Villager (Male) |
| 23:33 | Build | Town Center |
| 23:44 | Create | Villager (Male) |
| 23:47 | Create | Villager (Male) |
| 23:59 | Create | Villager (Male) |
| 23:59 | Create | Villager (Male) |
| 24:05 | Create | Villager (Male) |
| 24:17 | Build | Farm |
| 24:25 | Research | Husbandry |
| 24:30 | Build | Farm |
| 24:36 | Create | Villager (Male) |
| 24:55 | Create | Villager (Male) |
| 24:56 | Create | Villager (Male) |
| 25:00 | Build | Farm |
| 25:00 | Build | Farm |
| 25:01 | Build | Farm |
| 25:07 | Create | Cavalry Archer |
| 25:07 | Create | Cavalry Archer |
| 25:28 | Create | Villager (Male) |
| 25:37 | Create | Cavalry Archer |
| 25:38 | Create | Cavalry Archer |
| 25:40 | Create | Villager (Male) |
| 25:49 | Build | Farm |
| 25:58 | Create | Villager (Male) |
| 26:16 | Create | Cavalry Archer |
| 26:16 | Create | Cavalry Archer |
| 26:39 | Create | Villager (Male) |
| 26:40 | Create | Villager (Male) |
| 26:46 | Research | Thumb Ring |
| 26:53 | Create | Villager (Male) |
Match timeline
| 7:14 | SheepofLegend · first_building Barracks |
| 8:14 | edu_torres · first_building Barracks |
| 9:42 | SheepofLegend · age_up feudal |
| 9:50 | SheepofLegend · first_building Archery Range |
| 10:25 | edu_torres · age_up feudal |
| 14:51 | SheepofLegend · wall_segment Palisade Wall x1 |
| 15:15 | SheepofLegend · wall_segment Palisade Wall x2 |
| 15:16 | SheepofLegend · wall_segment Palisade Wall x2 |
| 15:43 | SheepofLegend · wall_segment Palisade Wall x1 |
| 16:23 | SheepofLegend · wall_segment Palisade Wall x11 |
| 16:33 | SheepofLegend · wall_segment Palisade Wall x1 |
| 16:58 | edu_torres · first_building Stable |
| 18:37 | SheepofLegend · wall_segment Palisade Wall x4 |
| 18:41 | SheepofLegend · wall_segment Palisade Wall x1 |
| 18:47 | SheepofLegend · first_market_sell 100 wood |
| 18:51 | SheepofLegend · first_market_buy 100 food |
| 19:27 | SheepofLegend · wall_segment Palisade Wall x9 |
| 19:54 | SheepofLegend · first_building Stable |
| 21:39 | SheepofLegend · age_up castle |
| 21:55 | SheepofLegend · wall_segment Palisade Wall x1 |
| 22:27 | SheepofLegend · wall_segment Palisade Wall x1 |
| 22:51 | SheepofLegend · wall_segment Palisade Wall x1 |
| 25:39 | edu_torres · age_up castle |
| 27:38 | SheepofLegend · wall_segment Palisade Wall x1 |
| 28:26 | edu_torres · first_building Monastery |
| 29:01 | SheepofLegend · wall_segment Palisade Wall x1 |
| 30:38 | SheepofLegend · wall_segment Palisade Wall x1 |
| 31:40 | SheepofLegend · resign |
[ AI ANALYSIS · 1 CREDIT ]
What really happened in this match?
Wolo.gg analyzes every decision: build order, eco, micro, common mistakes by bracket. Personalized analysis on WhatsApp or Discord in 30 seconds.
Civ guide
Gurjaras
Map guide
Arabia
Perfil
Jugador #2373356